 Dungeon Crawl Stone Soup version 0.21.0-30-g47ce8e4 (webtiles) character file.

3243 Monsterracer the Geomancer (level 9, -2/51 HPs)
             Began as an Octopode Earth Elementalist on Jan 28, 2018.
             Was an Elder of Cheibriados.
             Slain by an orc
             ... wielding a +0 short sword
              (4 damage)
             ... on level 7 of the Dungeon.
             The game lasted 00:27:08 (9348 turns).

Monsterracer the Geomancer (OpEE)                   Turns: 9348, Time: 00:27:09

Health: -2/51      AC:  1    Str: 22    XL:     9   Next: 99%
Magic:  12/17      EV: 14    Int: 29    God:    Cheibriados [****..]
Gold:   396        SH:  0    Dex: 22    Spells: 8/19 levels left

rFire    x . .     SeeInvis .   b - +3 whip "Killer Klown's Foe" {protect, rPois rF- rC+ MR+}
rCold    + . .     Gourm    .   (no shield)
rNeg     . . .     Faith    .   (helmet restricted)
rPois    +         Spirit   .   (no amulet)
rElec    .         Reflect  .   f - +6 ring of strength
rCorr    .         Harm     .   (no ring)
MR       +....                  (no ring)
Stlth    ++++......             (no ring)
HPRegen  0.17/turn              (no ring)
MPRegen  0.15/turn              (no ring)
                                (no ring)
                                (no ring)

@: about to teleport, very slow
A: almost no armour, stealthy swim, amphibious, 8 rings, constrict 8, camouflage
1, gelatinous body 1
a: Bend Time, Temporal Distortion, Slouch, Renounce Religion


You were on level 7 of the Dungeon.
You worshipped Cheibriados.
Cheibriados was greatly pleased with you.
You were not hungry.

You visited 2 branches of the dungeon, and saw 8 of its levels.

You collected 396 gold pieces.

Inventory:

Hand Weapons
 b - the +3 whip "Killer Klown's Foe" (weapon) {protect, rPois rF- rC+ MR+}
   (You found it on level 4 of the Dungeon)

   It protects the one who uses it against injury (+AC on strike).
   It makes you vulnerable to fire.
   It protects you from cold.
   It protects you from poison.
   It affects your resistance to hostile enchantments.
Missiles
 d - 267 stones (quivered)
Jewellery
 f - a +6 ring of strength (left tentacle)
Wands
 s - a wand of polymorph (15)
Scrolls
 g - 2 scrolls of magic mapping {!r}
 i - 2 scrolls of enchant armour
 j - 3 scrolls of teleportation
 m - a scroll of fear {!r}
 o - 2 scrolls of amnesia
 q - a scroll of remove curse
 t - a scroll of blinking
Potions
 a - 2 potions of mutation {!q}
 e - 5 potions of curing
 h - a potion of brilliance
 k - 2 potions of lignification
 l - 3 potions of heal wounds
 n - 2 potions of agility {unknown}
 p - a potion of might
 r - a potion of flight
 u - a potion of cancellation {unknown}
 v - a potion of degeneration {unknown}
Comestibles
 c - 6 rations


   Skills:
 + Level 2.4 Dodging
 - Level 5.0 Stealth
 - Level 3.0 Unarmed Combat
 + Level 5.8 Spellcasting
 + Level 5.5 Conjurations
 - Level 1.0 Transmutations
 * Level 9.2 Earth Magic
 + Level 4.9 Invocations


You had 8 spell levels left.
You knew the following spells:

 Your Spells              Type           Power        Failure   Level  Hunger
a - Sandblast             Erth           ######       1%          1    None
c - Stone Arrow           Conj/Erth      ######       1%          3    None
d - Lee's Rapid Deconstr  Erth           ######....   3%          5    #####..
x - Passwall              Tmut/Erth      #####.....   1%          2    None


Dungeon Overview and Level Annotations

Branches:
Dungeon (7/15)             Temple (1/1) D:4

Altars:
Ashenzari
Cheibriados
Dithmenos
Elyvilon
Fedhas
Gozag
Hepliaklqana
Kikubaaqudgha
Makhleb
Nemelex Xobeh
Okawaru
Qazlal
Ru
Sif Muna
Trog
Uskayaw
Vehumet
Wu Jian
Xom
Yredelemnul
Zin
The Shining One

Shops:
D:5 *


Innate Abilities, Weirdness & Mutations

You cannot wear most types of armour.
You are very stealthy in the water. (Stealth+)
You are amphibious.
You can wear up to eight rings at the same time.
You can use your tentacles to constrict eight enemies at once.
Your skin changes colour to match your surroundings (Stealth+).
Your rubbery body absorbs attacks. (AC +1, EV +1)


Message History

There are monsters nearby!
Casting: Sandblast
Confirm with . or Enter, or press ? or * to list all spells.
Aiming: Stone Arrow
Press: ? - help, Shift-Dir - straight line, f - worker ant
Aim: a worker ant (resting)
The stone arrow hits the worker ant.
The worker ant is almost dead.
The worker ant twitches its antennae in your direction.
The orc priest shouts!
You hear a shout! x2
You now have 14/17 mp.
Casting: Stone Arrow
Confirm with . or Enter, or press ? or * to list all spells.
Aiming: Stone Arrow
Press: ? - help, Shift-Dir - straight line, f/p - worker ant
Aim: a worker ant (almost dead)
The stone arrow hits the worker ant.
You kill the worker ant!
Cheibriados thoroughly appreciates the change of pace.
You now have 11/17 mp.
Casting: Stone Arrow
Confirm with . or Enter, or press ? or * to list all spells.
Aiming: Stone Arrow
Press: ? - help, Shift-Dir - straight line, f - orc priest
Aim: an orc priest, wielding a flail and wearing a leather armour The stone arrow hits the orc priest.
You kill the orc priest!
Cheibriados thoroughly appreciates the change of pace.
You now have 8/17 mp.
Casting: Stone Arrow
Confirm with . or Enter, or press ? or * to list all spells.
You can't see any susceptible monsters within range! (Use Z to cast anyway.) Unknown command.
Key pressed, stopping explore.
Magic restored.
Found a stone staircase leading down.
u - a viscous dark potion You now have 396 gold pieces (gained 13).
Things that are here:
a flail; a leather armour MP restored: 17
There is an open door here.
Found a robe.
You open the door.
There is an open door here.
You open the door.
There is an open door here.
Key pressed, stopping explore.
There is an open door here.
An ice beast comes into view.
An orc comes into view. It is wielding a short sword.
Casting: Stone Arrow
Confirm with . or Enter, or press ? or * to list all spells.
Aiming: Stone Arrow
Press: ? - help, Shift-Dir - straight line, f - ice beast
Aim: an ice beast (resting)
The stone arrow hits the ice beast.
The ice beast is almost dead.
The orc warrior shouts!
The orc shouts!
An orc comes into view. It is wielding a scimitar.
You now have 14/17 mp.
Casting: Stone Arrow
Confirm with . or Enter, or press ? or * to list all spells.
Aiming: Stone Arrow
Press: ? - help, Shift-Dir - straight line, f/p - ice beast
Aim: an ice beast (almost dead)
The stone arrow misses the ice beast.
The orc shouts!
You now have 11/17 mp.
You closely miss the ice beast.
The ice beast is almost dead.
The ice beast hits you. The ice beast freezes you! You resist.
You take 8 damage, and have 43/51 hp.
The orc priest shouts!
You hit the ice beast but do no damage.
Your weapon exudes an aura of protection.
You squeeze the ice beast, but do no damage.
The ice beast is almost dead.
The ice beast closely misses you.
You hit the ice beast. You squeeze the ice beast.
The ice beast is almost dead.
The ice beast barely misses you.
You barely miss the ice beast.
The ice beast is almost dead.
The orc warrior throws a tomahawk.
The tomahawk hits you!!
* * * LOW HITPOINT WARNING * * *
The orc closely misses you. The ice beast completely misses you.
You take 20 damage, and have 23/51 hp.
MASSIVE DAMAGE!!
Okay, then.
As you read the scroll of teleportation, it crumbles to dust.
You feel strangely unstable.
The orc warrior throws a tomahawk.
The tomahawk barely misses you. The orc misses you. The ice beast misses you.
The orc warrior throws a tomahawk.
The tomahawk closely misses you.
The orc warrior throws a tomahawk.
The tomahawk hits you!!
* * * LOW HITPOINT WARNING * * *
The orc misses you. The ice beast barely misses you.
You see here a tomahawk.
You take 22 damage, and have 2/51 hp.
MASSIVE DAMAGE!!
The orc hits you with a short sword.
You die...

#.# .......# ............
#.# .......#####....########
#.# ................########
#.# ..............####§§§##
#.# .............###§§§§§#
#.# #.........###§§§§§#
#.########...o.....###§.§..#
#.##.......ooo.....####.§§##
#..'.......@Y......#########
####...............##≈......
#.............###########
#....(........# ###.§§##
###............. ##§.§§§#
######.........##§§.§§#
##........##.§§.§# .......
###.§§## .. ########


You could see an orc warrior, an ice beast, an orc priest and 2 orcs.

Vanquished Creatures
  Pikel (D:4)
  Eustachio (D:6)
  A hungry ghost (D:7)
  Menkaure (D:6)
  Edmund (D:6)
  Duvessa (D:6)
  A slave (D:4)
  2 sky beasts
  3 centaurs
  4 ogres
  The ghost of Agrougrou the Insei, an amateur OpTm (D:3)
  A big kobold (D:7)
  3 bullfrogs
  Dowan (D:6)
  2 scorpions
  3 hounds
  5 orc priests
  A centaur skeleton (D:4)
  Crazy Yiuf (D:6)
  4 bullfrog skeletons
  4 orc wizards
  An iguana (D:4)
  6 worker ants
  A killer bee zombie (D:5)
  A hound skeleton (D:4)
  A gnoll (D:1)
  10 adders
  A shadow imp (D:6)
  An ooze (D:3)
  An adder skeleton (D:4)
  5 dart slugs
  4 leopard geckos
  21 orcs
  2 ball pythons
  9 bats
  5 giant cockroaches
  12 goblins
  6 hobgoblins
  2 jackals (D:1)
  6 quokkas
  A ball python zombie (D:6)
  3 frilled lizards
  12 kobolds
  A quokka zombie (D:5)
  16 rats
170 creatures vanquished.

Notes
Turn   | Place    | Note
-------+----------+-------------------------------------------
     0 | D:1      | Monsterracer the Octopode Earth Elementalist began the quest for the Orb.
     0 | D:1      | Reached XP level 1. HP: 11/11 MP: 3/3
   118 | D:1      | Reached XP level 2. HP: 10/17 MP: 0/5
   122 | D:1      | Learned a level 2 spell: Passwall
   622 | D:1      | HP: 6/17 [jackal (3)]
   628 | D:1      | HP: 3/17 [bat (1)]
   914 | D:1      | Reached XP level 3. HP: 21/21 MP: 2/6
   919 | D:1      | Learned a level 3 spell: Stone Arrow
  1526 | D:2      | Reached skill level 4 in Earth Magic
  1740 | D:2      | Reached XP level 4. HP: 27/27 MP: 5/7
  1773 | D:2      | You fall through a shaft for 2 floors!
  1787 | D:4      | Found a staircase to the Ecumenical Temple.
  1794 | Temple   | Entered the Ecumenical Temple
  1907 | Temple   | Became a worshipper of Cheibriados the Contemplative
  1935 | D:4      | Reached skill level 1 in Conjurations
  1948 | D:4      | Reached skill level 1 in Unarmed Combat
  1948 | D:4      | Reached XP level 5. HP: 21/31 MP: 0/9
  2292 | D:4      | Noticed an ogre
  2295 | D:4      | Killed an ogre
  2389 | D:3      | Found a white marble altar of Elyvilon.
  2389 | D:3      | Found a glowing golden altar of the Shining One.
  2389 | D:3      | Found a stormy altar of Qazlal.
  2390 | D:3      | Found a radiant altar of Vehumet.
  2390 | D:3      | Found a burning altar of Makhleb.
  2398 | D:3      | Found an ornate altar of the Wu Jian Council.
  2399 | D:3      | Found an iron altar of Okawaru.
  2496 | D:3      | Reached XP level 6. HP: 31/36 MP: 10/10
  2517 | D:2      | Reached * piety under Cheibriados
  2619 | D:2      | Learned a level 5 spell: Lee's Rapid Deconstruction
  2655 | D:2      | Reached skill level 5 in Earth Magic
  2657 | D:2      | HP: 17/36 [orc/flail (3)]
  3447 | D:3      | Noticed Agrougrou's ghost (amateur OpTm)
  3453 | D:3      | Killed Agrougrou's ghost
  3628 | D:3      | Reached XP level 7. HP: 41/41 MP: 5/12
  3642 | D:2      | HP: 19/41 [orc wizard/dagger (3)]
  3979 | D:3      | Reached ** piety under Cheibriados
  4641 | D:4      | Reached skill level 6 in Earth Magic
  4862 | D:4      | Got a smoking whip
  5557 | D:4      | Identified the +3 whip "Killer Klown's Foe" {protect, rPois rF- rC+ MR+} (You found it on level 4 of the Dungeon)
  5577 | D:4      | HP: 20/41 [slave[Pikel] (8)]
  5785 | D:4      | You fall through a shaft for 3 floors!
  5793 | D:7      | Reached XP level 8. HP: 31/46 MP: 11/14
  5795 | D:7      | HP: 21/46 [big kobold/short sword (8)]
  5796 | D:7      | Reached skill level 1 in Invocations
  5807 | D:7      | HP: 16/46 [bullfrog skeleton (6)]
  6024 | D:7      | Reached *** piety under Cheibriados
  6192 | D:7      | Reached skill level 7 in Earth Magic
  6315 | D:7      | Found a sparkling altar of Nemelex Xobeh.
  6732 | D:6      | Noticed Edmund
  6742 | D:6      | Killed Edmund
  6852 | D:6      | Reached XP level 9. HP: 51/51 MP: 16/16
  6864 | D:6      | Noticed Duvessa
  6871 | D:6      | Reached skill level 5 in Stealth
  6877 | D:6      | Noticed Dowan
  6881 | D:6      | Killed Duvessa
  6881 | D:6      | Reached skill level 5 in Spellcasting
  6885 | D:6      | Killed Dowan
  7036 | D:6      | Noticed Menkaure
  7041 | D:6      | Killed Menkaure
  7041 | D:6      | Reached skill level 8 in Earth Magic
  7080 | D:5      | Entered Level 5 of the Dungeon
  7158 | D:5      | Found Zoeppub's Serpentskin Sales.
  7377 | D:5      | Found an ancient bone altar of Kikubaaqudgha.
  7667 | D:5      | Found a shadowy altar of Dithmenos.
  7844 | D:5      | Reached **** piety under Cheibriados
  8163 | D:4      | Noticed Pikel
  8171 | D:4      | Killed Pikel
  8171 | D:4      | Reached skill level 5 in Conjurations
  8493 | D:6      | HP: 24/51 [centaur (8)]
  8751 | D:6      | Found a runed door.
  8755 | D:6      | Noticed Crazy Yiuf
  8757 | D:6      | Killed Crazy Yiuf
  8757 | D:6      | Reached skill level 9 in Earth Magic
  8975 | D:6      | Noticed Eustachio
  8982 | D:6      | Killed Eustachio
  9345 | D:7      | HP: 23/51 [orc warrior/tomahawk (20)]
  9347 | D:7      | HP: 2/51 [orc warrior/tomahawk (22)]
  9348 | D:7      | Slain by an orc

Skill      XL: |  1  2  3  4  5  6  7  8  9 |
---------------+----------------------------+-----
Earth Magic    | 4 5 6 7 9 |  9.2
Conjurations   | 1 2 3 4 5 |  5.5
Unarmed Combat | 1 2 3 |  3.0
Stealth        | 3 4 5 |  5.0
Spellcasting   | 3 4 5 |  5.8
Invocations    | 3 4 |  4.9
Dodging        | |  2.4
Transmutations | |  1.0

Action                   |  1- 3 |  4- 6 |  7- 9 || total
-------------------------+-------+-------+-------++-------
Melee: Unarmed           |    22 |    49 |    43 ||   114
       Constrict         |    17 |    16 |    35 ||    68
       Tentacles         |    10 |     8 |    39 ||    57
       Short sword       |    53 |     6 |       ||    59
       Punch             |       |     1 |     1 ||     2
       Whip              |       |       |    72 ||    72
 Fire: Hunting sling     |       |       |     2 ||     2
 Cast: Sandblast         |    14 |    17 |    28 ||    59
       Stone Arrow       |       |    17 |    78 ||    95
Invok: Temporal Distorti |       |       |     2 ||     2
  Use: Scroll            |       |    12 |     8 ||    20
 Stab: Distracted        |     1 |       |       ||     1
       Sleeping          |     6 |     5 |     9 ||    20
  Eat: Chunk             |     3 |     5 |    12 ||    20
Armor: Skin              |     9 |     5 |    14 ||    28
Dodge: Dodged            |    58 |    47 |   104 ||   209

Vault maps used:
D:1:      minmay_arrival_split_and_join
D:3:      grunt_temple_overflow_open, hangedman_abyss_or_decor_stabs
D:4:      minmay_temple_entry_junction, first_ration, eino_tiny_chamber,
          uniq_pikel
D:5:      nicolae_overflow_hidden_temple, basic_altar, guppyfry_shop_venom
D:6:      uniq_eustachio, uniq_crazy_yiuf_cottage, uniq_duvessa, uniq_edmund,
          uniq_menkaure
D:7:      nemelex_altar_shiori
Temple:   dshaligram_water_room_temple
